 Dungeon Crawl Stone Soup version 0.31-a0-1447-g87ca8d402b (webtiles) character file.

Game seed: 9905121161373757069

44 BigPumpCobain the Ruffian (level 3, 0/30 HPs)
             Began as a Hill Orc Shapeshifter on Dec 27, 2023.
             Killed from afar by Natasha (9 damage)
             ... with a magic dart
             ... on level 2 of the Dungeon.
             The game lasted 00:01:52 (1389 turns).

BigPumpCobain the Ruffian (Hill Orc Shapeshifter)   Turns: 1389, Time: 00:01:52

Health: 0/30       AC:  2    Str: 18    XL:     3   Next: 62%
Magic:  3/3        EV: 26    Int: 10    God:
Gold:   81         SH:  0    Dex: 10    Spells: 2/2 levels left

rFire   . .          .
                       - Unarmed
rCold   . . .        (no shield)
rNeg    . . .        a - +0 animal skin
rPois   .            (helmet currently unavailable)
rElec   .            (cloak currently unavailable)
rCorr   .            (gloves currently unavailable)
SInv    .            (boots currently unavailable)
Will    .....        m - amulet of the acrobat
Stlth   +            (no ring)
HPRegen 0.25/turn    (no ring)
MPRegen 0.08/turn

%: acrobat
@: beast-form, acrobatic
A: beast (slay +1)
a: Begin Untransformation


You were on level 2 of the Dungeon.
You were a hulking beast.
You visited 1 branch of the dungeon, and saw 2 of its levels.

You collected 81 gold pieces.

Inventory:

Armour
 a - a +0 animal skin (worn)
Jewellery
 m - an amulet of the acrobat (around neck)
Talismans
 c - a beast talisman
 d - a flux talisman
Wands
 n - a wand of flame (18)
Scrolls
 f - 2 scrolls of identify {unknown}
 h - a scroll of teleportation {unknown}
 j - a scroll of revelation {unknown}
 l - a scroll of blinking {unknown}
Potions
 b - 4 potions of lignification
 e - 4 potions of heal wounds {unknown}
 g - a potion of haste {unknown}
 i - a potion of ambrosia {unknown}
 k - a potion of enlightenment {unknown}


   Skills:
 + Level 2.6 Fighting
 - Level 1.5 Dodging
 + Level 3.9 Unarmed Combat
 + Level 3.1 Shapeshifting


You had 2 spell levels left.
You didn't know any spells.
Your spell library contained the following spells:

 Spells                   Type           Power      Damage    Failure   Level
 Magic Dart               Conj           0%         1d3       36%         1
 Searing Ray              Conj           0%         2d4       50%         2
 Fulminant Prism          Conj/Alch      0%         3d5       98%         4


Dungeon Overview and Level Annotations

Branches:
Dungeon (2/15)

Altars:

Annotations:
D:2 Natasha


Message History

Natasha misses you.
You hit the cerulean imp.
The cerulean imp is almost dead.
The cerulean imp hits you with a +0 spear.
Natasha claws you.
You hit the cerulean imp.
The cerulean imp is almost dead.
The cerulean imp closely misses you.
Natasha mumbles some strange words.
You hit the cerulean imp.
You kill the cerulean imp!
The cerulean imp disappears in a puff of smoke!
Natasha claws you!
The cerulean imp hits you from afar with a +1 spear.
* * * LOW HITPOINT WARNING * * *
You are too injured to fight recklessly!
You are too injured to fight recklessly!
You are too injured to fight recklessly!
You are too injured to fight recklessly!
You are too injured to fight recklessly!
You are too injured to fight recklessly!
You are too injured to fight recklessly!
You are too injured to fight recklessly!
You are too injured to fight recklessly!
You are too injured to fight recklessly!
You are too injured to fight recklessly!
You are too injured to fight recklessly!
You are too injured to fight recklessly!
You are too injured to fight recklessly!
You are too injured to fight recklessly!
You are too injured to fight recklessly!
You are too injured to fight recklessly!
You are too injured to fight recklessly!
You are too injured to fight recklessly!
You are too injured to fight recklessly!
You are too injured to fight recklessly!
Natasha casts a spell at you. The magic dart hits you!
You die...
Natasha begins licking her fur clean.

#####.# #.# #.# #.# #.#
#.####### #.# #.......#
#.# ##..####.# #.# ##
##.....##.# #.##.##
###....#.##.###.#...####
................h......+
###....#..#.###.#.:5####
#..#......###.##h##
#..........##.# #.#
#..#.(..##.##.# ..#
#..#.##.##.##.. ..#
#..#.##.##.#### .## #.
#.##[##.# # .. .....#


You could see Natasha and a cerulean imp (summoned).

Vanquished Creatures
  An adder (D:2)
  A worm (D:2)
  2 bats (D:1)
  3 endoplasms (D:1)
  2 giant cockroaches
  2 goblins (D:1)
  5 hobgoblins
  4 jackals (D:1)
  A quokka (D:1)
  A ball python (D:1)
  3 kobolds
  4 rats (D:1)
29 creatures vanquished.

Notes
Turn   | Place    | Note
-------+----------+-------------------------------------------
     0 | D:1      | BigPumpCobain the Hill Orc Shapeshifter began the quest for
                  | the Orb.
     0 | D:1      | Reached XP level 1. HP: 16/16 MP: 1/1
   108 | D:1      | Reached XP level 2. HP: 18/24 MP: 2/2
   455 | D:1      | Reached XP level 3. HP: 21/29 MP: 3/3
  1381 | D:2      | Noticed Natasha
  1389 | D:2      | Killed from afar by Natasha

Illustrated notes

Levels and vault maps discovered:
D:1:      reono_arrival_forest_river, layout_loops_corners
D:2:      layout_loops_corners, uniq_natasha

Skill      XL: |  1  2 |
---------------+-------+-----
Fighting       | 2 |  2.6
Shapeshifting  | 3 |  3.1
Dodging        | |  1.5
Unarmed Combat | |  3.9

Action                     || total
---------------------------++-------
  Melee: Unarmed           ||    94
         Punch             ||     1
   Stab: Sleeping          ||     1
 Armour: Animal skin       ||    48
  Dodge: Dodged            ||    41

Table legend: (Time is in decaauts)
 A = Elapsed time spent in this place.
 B = Non-inter-level travel time spent in this place.
 C = Inter-level travel time spent in this place.
 D = Time resting spent in this place.
 E = Time spent auto-exploring this place.
 F = Levels seen in this place.
 G = Mean time per level.
                   A        B        C        D        E       F      G
               +--------+--------+--------+--------+--------+-----+--------+
         Total |   1387 |   1374 |     13 |      0 |   1174 |   2 |  693.5 |
       Dungeon |   1387 |   1374 |     13 |      0 |   1174 |   2 |  693.5 |
               +--------+--------+--------+--------+--------+-----+--------+

Top non-repeatable levels by time:
     D:1: 916 daAuts
     D:2: 470 daAuts
